 Dungeon Crawl Stone Soup version 0.28-a0-422-gd71735cc25 (webtiles) character file.

Game seed: 13902828114394773535

278 willcat the Sneak (level 6, -5/36 HPs)
             Began as a Deep Elf Delver on Sept 8, 2021.
             Shot with an arrow by a centaur (13 damage)
             ... on level 5 of the Dungeon.
             The game lasted 00:01:46 (952 turns).

willcat the Sneak (Deep Elf Delver)                  Turns: 952, Time: 00:01:46

Health: -5/36      AC:  3    Str:  9    XL:     6   Next: 5%
Magic:  1/8        EV: 13    Int: 17    God:
Gold:   10         SH:  0    Dex: 16    Spells: 2/5 levels left

rFire   . . .      SeeInvis .   a - +0 short sword
rCold   . . .      Faith    .   (no shield)
rNeg    . . .      Spirit   .   b - +0 leather armour
rPois   .          Reflect  .   (no helmet)
rElec   .          Harm     .   (no cloak)
rCorr   .          Rampage  .   (no gloves)
Will    .....                   (no boots)
Stlth   +++.......              (no amulet)
HPRegen 0.12/turn               (no ring)
MPRegen 0.11/turn               (no ring)

@: very slightly contaminated
A: no striking features
a: no special abilities


You were on level 5 of the Dungeon.
You visited 1 branch of the dungeon, and saw 2 of its levels.
You also visited: Ossuary.

You collected 10 gold pieces.

Inventory:

Hand Weapons
 a - a +0 short sword (weapon)
Armour
 b - a +0 leather armour (worn)
Wands
 g - a wand of digging (3)
 i - a wand of acid (3)
Scrolls
 c - a scroll of fog
 d - a scroll of magic mapping
 k - a scroll of enchant weapon {unknown}
Potions
 f - a potion of haste
 h - a potion of attraction {unknown}
 j - a potion of degeneration {unknown}


   Skills:
 - Level 2.4 Fighting
 + Level 3.8 Short Blades
 - Level 4.6 Dodging
 + Level 7.5 Stealth
 + Level 0.0 Spellcasting
 + Level 0.0 Summonings
 - Level 1.5 Evocations


You had 2 spell levels left.
You knew the following spells:

 Your Spells              Type           Power      Damage    Failure   Level
a - Call Canine Familiar  Summ           0%         N/A       69%         3

Your spell library contained the following spells:

 Spells                   Type           Power      Damage    Failure   Level
 Portal Projectile        Hex/Tloc       0%         N/A       69%         3
 Leda's Liquefaction      Hex/Erth       0%         N/A       97%         4


Dungeon Overview and Level Annotations

Branches:
Dungeon (6/15)            Ossuary (visited)
 Temple: D:4-7

Altars:
Cheibriados

Annotations:
D:6 Grinder


Message History

Confirm with . or Enter, or press ? or * to list all spells.
The spell is extremely dangerous to cast (69% risk of failure)!
Continue anyway?
Okay, then.
There is an open door here.
A scorpion comes into view.
The helpless scorpion zombie fails to defend itself.
You impale the scorpion zombie!!
The scorpion zombie is severely damaged.
The scorpion zombie hits you.
There is an open door here.
There is an open door here.
Casting: Call Canine Familiar (extremely dangerous; 69% risk of failure)
Confirm with . or Enter, or press ? or * to list all spells.
The spell is extremely dangerous to cast (69% risk of failure)!
Continue anyway?
You miscast Call Canine Familiar.
You are very lightly contaminated with residual magic.
Distant voices call out in your mind.
A nameless horror comes into view.
The scorpion zombie hits you.
Unknown command.
Okay, then.
Press: ? - help, v - describe, . - travel
Here: a nameless horror (durably summoned)
The floor.
Okay, then.
The nameless horror barely misses you. The nameless horror closely misses you.
The nameless horror hits you.
You feel your power leaking away.
There is an open door here.
The scorpion stings you but does no damage.
There is a gate leading back out of this place here.
The scorpion stings you.
There is a collapsed entrance here.
Unknown command.
The centaur shoots an arrow.
The arrow hits you!
The centaur shoots an arrow.
The arrow hits you.
* * * LOW HITPOINT WARNING * * *
The centaur shoots an arrow.
The arrow hits you!
You die...

#.#.##.#####...#.#.##.##
#.#.##.......#####.##.##
######.#..............#.##.##
..........#.##........#......
..........#.##........###....
..........g...[.......# #..##
..........#.##........# #...#
.#.##.....#.##.>......# #.#.#
.......)..s@.........# #....
#.###.......########## ###.# #
#.#..##.# #.#
..c...##.######### #.#
#####.##............# #.#
##≈≈≈## ####.#.......# #.#
#≈≈.≈≈######.#..#.#..######.#
##≈≈.≈≈≈#..[..#..............#
#≈..>...'.#####..#.#..########


You could see a centaur, a gnoll shaman and a scorpion.

Vanquished Creatures
  Blork the orc (D:5)
  A scorpion (Ossuary)
  A water moccasin skeleton (D:5)
  A centaur zombie (Ossuary)
  2 scorpion zombies (Ossuary)
  3 gnolls (D:5)
  A goblin zombie (Ossuary)
10 creatures vanquished.

Vanquished Creatures (others)
  11 plants (D:6)
11 creatures vanquished.

Grand Total: 21 creatures vanquished

Notes
Turn   | Place    | Note
-------+----------+-------------------------------------------
     0 | D:5      | willcat the Deep Elf Delver began the quest for the Orb.
     0 | D:5      | Reached XP level 1. HP: 13/13 MP: 3/3
    52 | D:5      | Found a snail-covered altar of Cheibriados.
    53 | D:5      | Noticed Blork the orc
    63 | D:5      | Found a sand-covered staircase.
   197 | D:6      | Noticed Grinder
   197 | D:6      | Noticed a scorpion
   216 | D:5      | Killed Blork the orc
   217 | D:5      | Reached XP level 2. HP: 2/18 MP: 4/4
   217 | D:5      | Reached XP level 3. HP: 2/22 MP: 5/5
   217 | D:5      | Reached XP level 4. HP: 3/27 MP: 6/6
   320 | D:5      | Noticed a centaur
   326 | D:5      | Reached skill level 7 in Stealth
   327 | D:5      | Reached XP level 5. HP: 15/31 MP: 7/7
   336 | Ossuary  | Entered an ossuary
   864 | Ossuary  | Reached skill level 1 in Evocations
   866 | Ossuary  | Reached XP level 6. HP: 30/36 MP: 8/8
   918 | Ossuary  | Learned a level 3 spell: Call Canine Familiar
   936 | Ossuary  | Noticed a nameless horror
   952 | D:5      | Shot with an arrow by a centaur

Illustrated notes

Levels and vault maps discovered:
D:5:      layout_loops_cross, mainiacjoe_overflow_tiny_flanked, enter_ossuary_1,
          kennysheep_small_circle, uniq_sigmund, uniq_edmund, uniq_blork_the_orc
D:6:      layout_loops_ring, minmay_temple_entry_nine_rooms, nicolae_sextant,
          grunt_decor_arrowhead, lexackson_kobold_supper, uniq_grinder

Skill      XL: |  1  2  3  4  5 |
---------------+----------------+-----
Short Blades   | 3 |  3.8
Dodging        | 3 4 |  4.6
Stealth        | 7 |  7.5
Evocations     | 1 |  1.5
Fighting       | |  2.4

Action                   |  1- 3 |  4- 6 || total
-------------------------+-------+-------++-------
Melee: Short sword       |       |    32 ||    32
Evoke: Wand              |     4 |     4 ||     8
  Use: Scroll            |       |     1 ||     1
 Stab: Sleeping          |       |     1 ||     1
Armor: Leather armour    |     2 |    15 ||    17
Dodge: Dodged            |     4 |    27 ||    31

Table legend: (Time is in decaauts)
 A = Elapsed time spent in this place.
 B = Non-inter-level travel time spent in this place.
 C = Inter-level travel time spent in this place.
 D = Time resting spent in this place.
 E = Time spent auto-exploring this place.
 F = Levels seen in this place.
 G = Mean time per level.
                   A        B        C        D        E       F      G
               +--------+--------+--------+--------+--------+-----+--------+
         Total |    950 |    950 |      0 |    595 |    190 |   3 |  316.7 |
       Dungeon |    341 |    341 |      0 |     90 |    176 |   2 |  170.5 |
       Ossuary |    608 |    608 |      0 |    505 |     14 |   1 |  608.0 |
               +--------+--------+--------+--------+--------+-----+--------+

Top non-repeatable levels by time:
 Ossuary: 608 daAuts
     D:5: 199 daAuts
     D:6: 142 daAuts
